AoeStats
← B!G SPARKY

Arena

509194045Analyzed
2v2 RM · 7d ago on Sep 25, 2026· 55m 49s· 4 players
Game mode
Random Map
Map size
Medium (4 player)
Population
200
Speed
Normal
Resources
Standard
Victory
Conquest
Starting age
Dark Age
Ending age
Imperial Age
RankedLock teamsTeams togetherTeam positionsShared explorationLock speedFull tech treeHidden civsTurbo modeCheats
Victory
Defeat
🇩🇪 Franks · Germany
1086
+17
🇩🇪 Britons · Germany
1065
+18
🇹🇷 Bulgarians · Türkiye
1142
-19
🇹🇷 Khmer · Türkiye
1063
-16
Aldaris
7:07 Loom
11:21 Feudal Age
15:24 Castle Age
13:48 Double-Bit Axe
14:04 Horse Collar
20:16 Fervor
29:29 Herbal Medicine
31:15 Wheelbarrow
33:11 Heavy Plow
33:51 Bow Saw
34:24 Caravan
34:20 Fletching
35:43 Hand Cart
35:45 Town Watch
37:36 Sanctity
36:39 Pikeman
37:22 Padded Archer Armor
37:26 Stone Mining
38:59 Town Patrol
39:22 Gold Mining
39:47 Bodkin Arrow
42:29 Imperial Age
39:54 Gold Mining
40:42 Leather Archer Armor
41:54 Town Patrol
43:14 Bracer
43:44 Ring Archer Armor
43:17 Elite Longbowman
45:09 Ballistics
45:49 Chemistry
45:35 Conscription
45:16 Warwolf
45:20 Murder Holes
45:36 Fortified Wall
46:43 Yeomen
46:58 Hoardings
48:31 Siege Engineers
48:07 Treadmill Crane
49:10 Gold Shaft Mining
50:10 Two-Man Saw
49:20 Onager
50:11 Scale Mail Armor
50:22 Forging
EvilWurstbrot
10:58 Feudal Age
9:13 Loom
12:15 Double-Bit Axe
18:03 Castle Age
18:39 Forging
18:37 Scale Barding Armor
19:22 Bow Saw
24:01 Gold Mining
31:32 Husbandry
31:55 Chain Barding Armor
35:52 Imperial Age
35:09 Iron Casting
35:03 Fletching
36:12 Wheelbarrow
38:31 Hand Cart
37:55 Man-at-Arms
38:50 Gambesons
39:06 Squires
38:51 Arson
40:05 Long Swordsman
41:00 Two-Handed Swordsman
42:14 Champion
44:55 Pikeman
46:42 Blast Furnace
45:43 Scale Mail Armor
45:35 Halberdier
49:45 Chemistry
49:06 Ballistics
48:25 Cavalier
50:10 Plate Barding Armor
49:51 Chain Mail Armor
50:06 Paladin
B!G SPARKY
11:12 Feudal Age
14:34 Castle Age
15:22 Double-Bit Axe
15:18 Horse Collar
15:36 Gold Mining
23:53 Bloodlines
23:44 Husbandry
24:24 Scale Barding Armor
24:48 Loom
25:38 Wheelbarrow
24:49 Town Watch
25:52 Light Cavalry
29:28 Bow Saw
29:19 Heavy Plow
29:56 Gold Shaft Mining
29:11 Stone Mining
31:31 Hand Cart
37:11 Imperial Age
37:31 Devotion
38:43 Conscription
39:30 Double Crossbow
39:43 Siege Engineers
39:50 Fortified Wall
40:19 Ballistics
39:38 Pikeman
40:23 Scale Mail Armor
40:45 Heavy Scorpion
41:04 Hussar
47:38 Arson
48:16 Chain Barding Armor
48:11 Chain Mail Armor
48:07 Forging
47:48 Fletching
47:58 Padded Archer Armor
49:15 Crop Rotation
49:22 Stone Shaft Mining
49:28 Elite Battle Elephant
50:40 Capped Ram
53:09 Tusk Swords
53:30 Halberdier
54:51 Caravan
54:32 Siege Ram
HolyGhost
12:28 Feudal Age
13:38 Double-Bit Axe
13:48 Double-Bit Axe
16:16 Castle Age
14:37 Horse Collar
18:59 Town Watch
32:46 Imperial Age
31:30 Wheelbarrow
30:56 Town Patrol
30:44 Loom
32:57 Scale Barding Armor
33:03 Forging
34:32 Hand Cart
34:32 Pikeman
35:12 Squires
35:15 Scale Mail Armor
35:39 Conscription
35:18 Halberdier
38:57 Elite Konnik
39:43 Heavy Scorpion
49:55 Gambesons
49:58 Arson
Connection lost

Rejoining the realm…

Still unreachable

The connection could not be restored.

Session expired

The server has moved on; the page needs a fresh start.